 Dungeon Crawl Stone Soup version 0.29.1-15-g9cfb28693d (webtiles) character file.

Game seed: 5765943895638711072

336 safid the Chiller (level 6, -13/47 HPs)
             Began as a Merfolk Ice Elementalist on Apr 3, 2023.
             Mangled by an orc warrior
             ... wielding a +0 long sword
              (15 damage)
             ... on level 4 of the Dungeon.
             The game lasted 00:09:23 (3750 turns).

safid the Chiller (Merfolk Ice Elementalist)        Turns: 3750, Time: 00:09:25

Health: -13/47     AC:  9    Str:  9    XL:     6   Next: 54%
Magic:  8/11       EV: 13    Int: 16    God:
Gold:   152        SH:  0    Dex: 14    Spells: 5/12 levels left

rFire   . . .      SeeInvis .   d - +0 short sword
rCold   . . .      Faith    .   (no shield)
rNeg    . . .      Spirit   .   a - +0 robe
rPois   .          Reflect  .   (no helmet)
rElec   .          Harm     .   (no cloak)
rCorr   +          Rampage  .   g - +0 pair of gloves
Will    .....                   (no boots)
Stlth   ++........              (no amulet)
HPRegen 0.15/turn               i - ring of resist corrosion
MPRegen 0.12/turn               (no ring)

@: ice-armoured, freezing walls
A: (nimble swimmer 2), mertail
a: no special abilities


You were on level 4 of the Dungeon.
You visited 1 branch of the dungeon, and saw 4 of its levels.

You collected 152 gold pieces.

Inventory:

Hand Weapons
 d - a +0 short sword (weapon)
Armour
 a - a +0 robe (worn)
 g - a +0 pair of gloves (worn)
Jewellery
 i - a ring of resist corrosion (left hand)
Scrolls
 c - 5 scrolls of identify {unknown}
 h - a scroll of poison {unknown}
 m - a scroll of magic mapping {unknown}
 n - a scroll of torment {unknown}
 o - a scroll of blinking {unknown}
 r - 3 scrolls of teleportation {unknown}
Potions
 e - a potion of flight {unknown}
 f - a potion of resistance {unknown}
 j - 6 potions of curing {unknown}
 k - a potion of lignification {unknown}
 l - a potion of heal wounds {unknown}
 p - a potion of brilliance {unknown}
 q - 2 potions of degeneration {unknown}


   Skills:
 + Level 3.4 Fighting
 - Level 4.0 Dodging
 - Level 2.1 Stealth
 + Level 3.7 Spellcasting
 + Level 5.8 Ice Magic


You had 5 spell levels left.
You knew the following spells:

 Your Spells              Type           Power      Damage    Failure   Level
a - Freeze                Ice            84%        1d10      1%          1
b - Frozen Ramparts       Ice            42%        1d7       4%          3
c - Ozocubu's Armour      Ice            21%        N/A       4%          3

Your spell library contained the following spells:

 Spells                   Type           Power      Damage    Failure   Level
 Magic Dart               Conj           12%        1d3       17%         1
 Call Imp                 Summ           3%         N/A       26%         2
 Ignite Poison            Fire/Tmut/Pois 3%         N/A       45%         3
 Mephitic Cloud           Conj/Pois/Air  3%         N/A       45%         3
 Hailstorm                Conj/Ice       12%        3d5       45%         4
 Freezing Cloud           Conj/Ice/Air   4%         6-21      91%         5


Dungeon Overview and Level Annotations

Branches:
Dungeon (4/15)
 Temple: D:4-7

Altars:

Shops:
D:1 (


Innate Abilities, Weirdness & Mutations

((You are very nimble when in or above water. (Stealth+, EV+, Speed+++)))
Your lower body shifts to a powerful aquatic tail in water.


Message History

You kill the jackal!
The wall freezes the orc priest.
The wall freezes the orc wizard.
The wall freezes the orc warrior but does no damage.
Casting: Frozen Ramparts (dangerous; 4% risk of failure)
Confirm with . or Enter, or press ? or * to list all spells.
Aiming: Freeze (safe; 1% risk of failure)
Press: ? - help, Shift-Dir - straight line, f - orc wizard
Aim: an orc wizard, wielding a +0 dagger and wearing a +0 robe (almost dead)
You freeze the orc wizard!
You kill the orc wizard!
The wall freezes the orc warrior.
The wall freezes the orc priest.
The orc priest calls upon Beogh to heal the orc warrior.
The orc warrior is healed somewhat.
The wall freezes the bullfrog.
The bullfrog seems to slow down.
Casting: Freeze (safe; 1% risk of failure)
Confirm with . or Enter, or press ? or * to list all spells.
Aiming: Freeze (safe; 1% risk of failure)
Press: ? - help, Shift-Dir - straight line, f - orc warrior
Aim: an orc warrior, wielding a +0 long sword, wearing a +0 plate armour and quivering boomerangs (lightly wounded)
You freeze the orc warrior.
The orc warrior is heavily wounded.
The wall freezes the jackal.
The wall freezes the orc priest.
The wall freezes the orc warrior but does no damage.
The orc warrior closely misses you.
The wall freezes the bullfrog.
The bullfrog seems to slow down.
Casting: Freeze (safe; 1% risk of failure)
Confirm with . or Enter, or press ? or * to list all spells.
Aiming: Freeze (safe; 1% risk of failure)
Press: ? - help, Shift-Dir - straight line, f/p - orc warrior
Aim: an orc warrior, wielding a +0 long sword, wearing a +0 plate armour and quivering boomerangs (heavily wounded)
You freeze the orc warrior.
The orc warrior is severely wounded.
The wall freezes the jackal.
The wall freezes the bullfrog.
The wall freezes the orc priest.
The orc priest calls down the wrath of Beogh upon you.
Beogh smites you!
* * * LOW HITPOINT WARNING * * *
The wall freezes the orc warrior.
The orc warrior hits you with a +0 long sword!
You die...

##†>#
#.......####...#
##..# #.......#
#...# ....#
#.#.##.## #...#
.##.# #.#.##.#
#...# .##.#
#.#.##.# #...#
....#### #.#.##.#
.. .......#
#......# ######.#
###########.####
#.###......@oFo.#
#.......#####ho....
#####...# .#.#(
##### <. .. .. .


You could see an orc warrior, a bullfrog (slow), an orc priest, an orc and a
jackal.

Vanquished Creatures
  2 ogres (D:4)
  An orc wizard (D:4)
  3 gnolls (D:3)
  3 adders
  3 worms (D:2)
  A dart slug (D:2)
  3 orcs
  7 ball pythons
  5 endoplasms
  6 giant cockroaches
  5 goblins
  6 hobgoblins
  A jackal (D:4)
  3 quokkas
  6 bats
  6 frilled lizards
  4 kobolds
  7 rats
72 creatures vanquished.

Notes
Turn   | Place    | Note
-------+----------+-------------------------------------------
     0 | D:1      | safid the Merfolk Ice Elementalist began the quest for the
                  | Orb.
     0 | D:1      | Reached XP level 1. HP: 13/13 MP: 3/3
   236 | D:1      | Reached XP level 2. HP: 20/20 MP: 1/5
   246 | D:1      | Reached skill level 1 in Fighting
   818 | D:1      | Found Cikhleak's Weapon Emporium.
   988 | D:2      | Reached XP level 3. HP: 26/26 MP: 4/6
  1040 | D:2      | Learned a level 3 spell: Frozen Ramparts
  1354 | D:2      | Reached skill level 5 in Ice Magic
  1432 | D:2      | Learned a level 3 spell: Ozocubu's Armour
  1503 | D:2      | Reached XP level 4. HP: 33/33 MP: 6/8
  2480 | D:3      | You fall into a shaft and drop 1 floor!
  2660 | D:3      | Reached XP level 5. HP: 37/39 MP: 9/9
  3494 | D:4      | Noticed an ogre
  3506 | D:4      | Killed an ogre
  3663 | D:4      | Reached XP level 6. HP: 47/47 MP: 6/11
  3739 | D:4      | Noticed an orc warrior
  3750 | D:4      | HP: 2/47 [orc priest/divine providence (12)]
  3750 | D:4      | Mangled by an orc warrior

Illustrated notes

Levels and vault maps discovered:
D:1:      dpeg_arrival_concentric_ovals, layout_basic, serial_shops,
          nicolae_square_shop
D:2:      kennysheep_big_flooded_room, layout_rooms, serial_rivers,
          chequers_serial_rivers_micro_d, chequers_serial_rivers_large_b,
          chequers_serial_rivers_micro_c, chequers_serial_rivers_large_a
D:3:      layout_loops_corners, kennysheep_boxes
D:4:      layout_loops_cross

Skill      XL: |  1  2  3  4  5  6 |
---------------+-------------------+-----
Fighting       | 1 2 3 |  3.4
Ice Magic      | 5 |  5.8
Dodging        | 3 4 |  4.0
Spellcasting   | 3 |  3.7
Stealth        | |  2.1

Action                   |  1- 3 |  4- 6 || total
-------------------------+-------+-------++-------
Melee: Short sword       |    26 |    22 ||    48
 Cast: Freeze            |    39 |    53 ||    92
       Frozen Ramparts   |       |     7 ||     7
       Ozocubu's Armour  |       |     2 ||     2
  Use: Potion            |       |     1 ||     1
 Stab: Sleeping          |     2 |     2 ||     4
Armor: Robe              |     9 |     7 ||    16
Dodge: Dodged            |    37 |    44 ||    81
